 Dungeon Crawl Stone Soup version 0.28-a0-683-ga8797d1ae1 (webtiles) character file.

Game seed: 9635559175587010576

1 Cancer the Conjurer (level 1, 0/10 HPs)
             Began as a Gargoyle Conjurer on Oct 19, 2021.
             Slain by a gnoll (5 damage)
             ... on level 1 of the Dungeon.
             The game lasted 00:00:28 (71 turns).

Cancer the Conjurer (Gargoyle Conjurer)               Turns: 71, Time: 00:00:29

Health: 0/10       AC:  4    Str: 10    XL:     1   Next: 20%
Magic:  0/3        EV: 11    Int: 18    God:
Gold:   0          SH:  0    Dex:  8    Spells: 3/4 levels left

rFire   . . .      SeeInvis .   b - +0 short sword
rCold   . . .      Faith    .   (no shield)
rNeg    + . .      Spirit   .   a - +0 robe
rPois   ∞          Reflect  .   (no helmet)
rElec   +          Harm     .   (no cloak)
rCorr   .          Rampage  .   (no gloves)
Will    .....                   (no boots)
Stlth   ++........              (no amulet)
HPRegen 0.03/turn               (no ring)
MPRegen 0.08/turn               (no ring)

@: no status effects
A: sickness immunity, AC +2, negative energy resistance 1, electricity
resistance, torment resistance 1, petrification resistance
a: no special abilities


You were on level 1 of the Dungeon.
You visited 1 branch of the dungeon, and saw 1 of its levels.

Inventory:

Hand Weapons
 b - a +0 short sword (weapon)
Armour
 a - a +0 robe (worn)
Scrolls
 c - a scroll of identify {unknown}


   Skills:
 - Level 1.5 Dodging
 - Level 2.1 Stealth
 + Level 2.0 Spellcasting
 + Level 4.4 Conjurations


You had 3 spell levels left.
You knew the following spells:

 Your Spells              Type           Power      Damage    Failure   Level
a - Magic Dart            Conj           68%        1d6       3%          1

Your spell library contained the following spells:

 Spells                   Type           Power      Damage    Failure   Level
 Searing Ray              Conj           34%        2d5       4%          2
 Dazzling Flash           Conj/Hex       18%        N/A       22%         3
 Fulminant Prism          Conj/Hex       4%         3d6       58%         4
 Iskenderun's Mystic Bla  Conj/Tloc      9%         2d4       58%         4


Dungeon Overview and Level Annotations

Branches:
Dungeon (1/15)

Altars:


Innate Abilities, Weirdness & Mutations

You are immune to sickness and miasma.
Your stone body is resilient. (AC +2)
You are immune to poison.
You resist negative energy. (rN+)
You are resistant to electric shocks. (rElec)
You are resistant to unholy torment.
You are immune to petrification.


Message History

The magic dart hits the gnoll.
The gnoll is heavily wounded.
The gnoll shouts!
A gnoll is nearby!
A gnoll is nearby!
The magic dart hits the gnoll.
The gnoll is heavily wounded.
You are too depleted to draw on your mana recklessly!
You are too depleted to draw on your mana recklessly!
A gnoll is nearby!
You are too depleted to draw on your mana recklessly!
A gnoll is nearby!
You are too depleted to draw on your mana recklessly!
You are too depleted to draw on your mana recklessly!
A gnoll opens the gate.
The magic dart hits the gnoll but does no damage.
The gnoll is heavily wounded.
The magic dart hits the gnoll.
The gnoll is almost dead.
You are too depleted to draw on your mana recklessly!
Casting: Magic Dart (safe; 3% risk of failure)
Confirm with . or Enter, or press ? or * to list all spells.
Aiming: Magic Dart (safe; 3% risk of failure)
Press: ? - help, Shift-Dir - straight line, f/p - gnoll
Aim: a gnoll, wielding a +0 spear (almost dead, 100% to hit)
The magic dart hits the gnoll but does no damage.
The gnoll is almost dead.
Unknown command.
The gnoll hits you but does no damage.
You hit the gnoll but do no damage.
The gnoll is almost dead.
The gnoll hits you with a +0 spear.
You barely miss the gnoll.
The gnoll is almost dead.
The gnoll hits you with a +0 spear.
You completely miss the gnoll.
The gnoll is severely wounded.
The gnoll hits you with a +0 spear.
Ouch! That really hurt!
You die...

#. #.# #......(#
#..###########........
#..........#.........
#..##'''##.#........
#..#.....#.#......#
#..#(....#.#......####
#..#..<..#g#..........
##.#...(.#@#..........
#g##'''##.#.....=..).
#.......###[.........
#######..............
#####...†......
#######.!.. .... ###


You could see a gnoll.

Vanquished Creatures
  A kobold (D:1)
  A rat (D:1)
2 creatures vanquished.

Notes
Turn   | Place    | Note
-------+----------+-------------------------------------------
     0 | D:1      | Cancer the Gargoyle Conjurer began the quest for the Orb.
     0 | D:1      | Reached XP level 1. HP: 10/10 MP: 3/3
    71 | D:1      | Slain by a gnoll

Illustrated notes

Levels and vault maps discovered:
D:1:      dpeg_arrival_windows_large_door, layout_basic,
          chequers_ecumenical_altar_simple

Action                   || total
-------------------------++-------
Melee: Short sword       ||     3
 Cast: Magic Dart        ||     7
Armor: Robe              ||     1

Table legend: (Time is in decaauts)
 A = Elapsed time spent in this place.
 B = Non-inter-level travel time spent in this place.
 C = Inter-level travel time spent in this place.
 D = Time resting spent in this place.
 E = Time spent auto-exploring this place.
 F = Levels seen in this place.
 G = Mean time per level.
                   A        B        C        D        E       F      G
               +--------+--------+--------+--------+--------+-----+--------+
         Total |     70 |     70 |      0 |      0 |     20 |   1 |   70.0 |
       Dungeon |     70 |     70 |      0 |      0 |     20 |   1 |   70.0 |
               +--------+--------+--------+--------+--------+-----+--------+

Top non-repeatable levels by time:
     D:1: 70 daAuts
